 Dungeon Crawl Stone Soup version 0.23.2-1-ga50397a6bc (webtiles) character file.

Game seed: 5529042633085811439

14484 balikka the Fighter (level 11, -20/107 HPs)
             Began as a Minotaur Berserker on May 30, 2019.
             Was a High Priest of Trog.
             Demolished by Rupert
             ... wielding a +1 battleaxe of chopping
              (23 damage)
             ... on level 3 of the Lair of Beasts.
             The game lasted 01:16:46 (10569 turns).

balikka the Fighter (Minotaur Berserker)           Turns: 10569, Time: 01:16:46

Health: -20/107    AC: 15    Str: 24    XL:     11   Next: 89%
Magic:  10/10      EV: 16    Int:  4    God:    Trog [*****.]
Gold:   577        SH:  0    Dex: 11    Spells: 10/10 levels left

rFire    x . .     SeeInvis .   F - +6 dire flail (venom)
rCold    + + .     Gourm    .   (shield currently unavailable)
rNeg     + . .     Faith    .   i - +1 ice dragon scales
rPois    .         Spirit   .   (helmet restricted)
rElec    .         Reflect  .   (no cloak)
rCorr    .         Harm     .   (no gloves)
MR       +....                  (no boots)
Stlth    ..........             (no amulet)
HPRegen  0.27/turn              G - +1 ring of protection
MPRegen  0.12/turn              f - ring of Omoifunant {+Inv rN+ MR+ EV+3}

@: no status effects
A: retaliatory headbutt, horns 2
a: Berserk, Trog's Hand, Brothers in Arms, Renounce Religion, Evoke Invisibility


You were on level 3 of the Lair of Beasts.
You worshipped Trog.
Trog was extremely pleased with you.
You were very hungry.

You visited 3 branches of the dungeon, and saw 15 of its levels.

You collected 787 gold pieces.
You spent 210 gold pieces at shops.

Inventory:

Hand Weapons
 h - a +4 battleaxe of freezing
 k - a +1 spear of flaming
 t - a +0 hunting sling
 u - a +2 scimitar of holy wrath
 B - a +2 morningstar of freezing
 F - a +6 dire flail of venom (weapon)
Missiles
 g - 319 stones (quivered)
Armour
 i - +1 ice dragon scales (worn)
 r - a +0 plate armour
 y - a +0 buckler
 A - the +1 leather armour "Xoirr" {Int+3}
   (You found it on level 4 of the Dungeon)

   It affects your intelligence (+3).
 M - a cursed +0 ring mail
Jewellery
 f - the ring of Omoifunant (right hand) {+Inv rN+ MR+ EV+3}
   (You found it on level 7 of the Dungeon)

   [ring of evasion]

   It affects your evasion (+3).
   It protects you from negative energy.
   It affects your resistance to hostile enchantments.
   It lets you turn invisible.
 w - an uncursed ring of protection from cold
 G - a +1 ring of protection (left hand)
 J - an uncursed ring of flight {unknown}
Wands
 n - a wand of iceblast (10)
 z - a wand of flame (15)
 C - a wand of clouds (3)
 I - a wand of acid (10)
 L - a wand of paralysis (7)
Scrolls
 d - 4 scrolls of remove curse
 j - 4 scrolls of identify
 o - 6 scrolls of teleportation
 q - a scroll of amnesia
 x - 2 scrolls of fog
 E - a scroll of enchant weapon
Potions
 a - 2 potions of mutation
 b - 2 potions of ambrosia
 e - 4 potions of agility
 l - 3 potions of heal wounds {unknown}
 m - a potion of lignification {unknown}
 p - 2 potions of magic {unknown}
 s - a potion of haste {unknown}
 v - 2 potions of berserk rage
 D - a potion of resistance
 H - 2 potions of flight {unknown}
 K - a potion of might {unknown}
Comestibles
 c - 15 rations


   Skills:
 * Level 13.3 Fighting
   Level 4.0(4.6) Short Blades
 - Level 3.7(4.8) Long Blades
 + Level 10.2 Maces & Flails
 - Level 3.9 Polearms
 + Level 11.4 Armour
 + Level 8.0 Dodging
 - Level 4.1 Shields


You had 10 spell levels left.
You didn't know any spells.
Your spell library contained the following spells:

 Spells                   Type           Power        Failure   Level  Hunger
 Corona                   Hex            #......      80%         1    ##.....
 Slow                     Hex            #.......     90%         2    ###....
 Inner Flame              Hex/Fire       #.......     99%         3    ####...
 Portal Projectile        Hex/Tloc       #.....       99%         3    ####...
 Cause Fear               Hex            #.........   100%        4    #####..
 Leda's Liquefaction      Hex/Erth       #.........   100%        4    #####..
 Summon Lightning Spire   Summ/Air       #.......     100%        4    #####..
 Silence                  Hex/Air        #.........   100%        5    ######.
 Conjure Ball Lightning   Conj/Air       #.........   100%        6    #######
 Deflect Missiles         Chrm/Air       #.........   100%        6    #######
 Tornado                  Air            #.........   100%        9    #######


Dungeon Overview and Level Annotations

Branches:
Dungeon (10/15)            Temple (1/1) D:5            Lair (4/6) D:9
  Swamp (0/4) Lair:3
  Snake: Lair:2-4    Spider: Lair:2-4       Orc: D:9-12

Altars:
Ashenzari
Cheibriados
Dithmenos
Elyvilon
Fedhas
Gozag
Hepliaklqana
Kikubaaqudgha
Makhleb
Nemelex Xobeh
Okawaru
Qazlal
Ru
Sif Muna
Trog
Uskayaw
Vehumet
Wu Jian
Xom
Yredelemnul
Zin
The Shining One

Shops:
D:6 %   D:7 (

Annotations:
Lair:3 Rupert


Innate Abilities, Weirdness & Mutations

You reflexively headbutt those who attack you in melee.
You have a pair of horns on your head.


Message History

You hit Rupert but do no damage.
Rupert is moderately wounded.
Rupert closely misses you.
You thump Rupert!
Rupert looks as sick as possible!
Your headbutt misses Rupert.
Rupert is heavily wounded.
Rupert hits you but does no damage.
You puncture Rupert!
Rupert looks as sick as possible!
You headbutt Rupert!
Rupert is severely wounded.
Rupert hits you with a +1 battleaxe of chopping.
You puncture Rupert!
Rupert looks as sick as possible!
Rupert is severely wounded.
Rupert hits you with a +1 battleaxe of chopping!!
* * * LOW HITPOINT WARNING * * *
x2 You hit Rupert but do no damage.
Your headbutt misses Rupert.
Rupert is severely wounded.
You puncture Rupert!
Rupert looks as sick as possible!
Rupert is severely wounded.
Rupert hits you with a +1 battleaxe of chopping!!
You die...

### ### #### ####@#
###.####P.###...@###
........................
........................
........................
..................[.....
........................
........................
.....##.................


You could see Rupert (berserk).

Vanquished Creatures
  A hydra (Lair:2)
  The ghost of Mrkan the Archer, a novice CeHu (D:8)
  4 elephants (Lair:3)
  2 black mambas
  3 spiny frogs
  A komodo dragon (Lair:2)
  2 ice devils (Lair:2)
  A polar bear (Lair:4)
  9 blink frogs
  A hippogriff (Lair:2)
  Prince Ribbit (Lair:2)
  2 bog bodies (Lair:3)
  5 yaks (Lair:4)
  2 swamp worms (Lair:3)
  5 water moccasins
  A porcupine (Lair:1)
  A black bear (D:7)
  3 ice beasts
  2 orc warriors
  A sky beast (D:6)
  2 ogres
  A phantom (D:5)
  4 centaurs
  5 crocodiles
  6 bullfrogs
  A wyvern zombie (D:9)
  5 scorpions
  4 killer bees
  5 wights
  2 howler monkeys
  An electric eel (Lair:3)
  2 crimson imps
  A bullfrog zombie (D:5)
  5 bullfrog skeletons
  3 jellies
  3 orc priests
  A centaur skeleton (D:9)
  5 hounds
  13 orc wizards
  5 iguanas
  8 worker ants
  A hound zombie (D:5)
  A mummy (D:5)
  11 adders
  3 shadow imps
  2 oozes
  4 worms
  A dart slug (D:3)
  9 leopard geckos
  39 orcs
  8 giant cockroaches
  13 goblins
  11 hobgoblins
  8 jackals
  4 quokkas
  A ball python (D:2)
  5 bats
  4 frilled lizards
  A giant cockroach zombie (D:6)
  A hobgoblin zombie (D:5)
  10 kobolds
  A kobold zombie (D:5)
  9 rats
  A butterfly (D:8)
  2 fungi (D:9)
280 creatures vanquished.

Vanquished Creatures (collateral kills)
  Gastronok (Lair:2)
  A spiny frog (Lair:4)
  A blink frog (Lair:4)
  A yak (Lair:4)
  A basilisk (Lair:2)
  A water moccasin (Lair:2)
6 creatures vanquished.

Grand Total: 286 creatures vanquished

Notes
Turn   | Place    | Note
-------+----------+-------------------------------------------
     0 | D:1      | balikka the Minotaur Berserker began the quest for the Orb.
     0 | D:1      | Reached XP level 1. HP: 19/19 MP: 0/0
   366 | D:1      | Reached XP level 2. HP: 23/27 MP: 1/1
   605 | D:1      | Reached skill level 4 in Fighting
  1126 | D:1      | You fall through a shaft!
  1164 | D:2      | Found a faded altar of an unknown god.
  1242 | D:2      | Reached XP level 3. HP: 33/33 MP: 2/2
  1251 | D:2      | Reached skill level 1 in Short Blades
  2067 | D:3      | Reached ** piety under Trog
  2152 | D:3      | Reached skill level 1 in Polearms
  2230 | D:3      | Reached XP level 4. HP: 40/40 MP: 3/3
  2780 | D:3      | Found a shattered altar of Ashenzari.
  2921 | D:4      | Reached XP level 5. HP: 36/47 MP: 4/4
  3092 | D:5      | Entered Level 5 of the Dungeon
  3181 | D:5      | Reached XP level 6. HP: 52/55 MP: 5/5
  3192 | D:5      | Reached skill level 5 in Fighting
  3242 | D:5      | Found a staircase to the Ecumenical Temple.
  3375 | D:5      | Reached XP level 7. HP: 33/61 MP: 6/6
  3392 | Temple   | Entered the Ecumenical Temple
  3773 | D:5      | Reached *** piety under Trog
  4046 | D:5      | Reached skill level 5 in Armour
  4089 | D:5      | Found a glowing silver altar of Zin.
  4089 | D:5      | Found a hide-covered altar of Uskayaw.
  4411 | D:4      | Reached skill level 6 in Fighting
  4425 | D:4      | Reached skill level 1 in Maces & Flails
  4425 | D:4      | Reached skill level 1 in Shields
  4635 | D:4      | Reached XP level 8. HP: 70/70 MP: 7/7
  4789 | D:4      | Reached **** piety under Trog
  4789 | D:4      | Received a gift from Trog
  5067 | D:4      | Got a black opal-encrusted leather armour
  5078 | D:4      | Identified the +1 leather armour "Xoirr" {Int+3} (You found
                  | it on level 4 of the Dungeon)
  5165 | D:4      | Found a glowing golden altar of the Shining One.
  5794 | D:6      | Reached skill level 7 in Fighting
  5803 | D:7      | Found a stormy altar of Qazlal.
  6140 | D:6      | Found Kawnilel's Food Shop.
  6246 | D:7      | Found Utekk's Antique Weapon Shoppe.
  6251 | D:7      | Bought a runed dire flail for 210 gold pieces
  6313 | D:7      | Got a vibrating bronze ring
  6331 | D:7      | Reached XP level 9. HP: 76/80 MP: 8/8
  6470 | D:7      | Found a burning altar of Makhleb.
  6471 | D:7      | Found a shimmering altar of Xom.
  6704 | D:7      | Found a sparkling altar of Nemelex Xobeh.
  6704 | D:7      | Found a deep blue altar of Sif Muna.
  6765 | D:7      | Reached skill level 8 in Fighting
  6765 | D:7      | Reached skill level 5 in Maces & Flails
  6776 | D:7      | Found a snail-covered altar of Cheibriados.
  6952 | D:8      | Found a runed translucent door.
  6953 | D:8      | Found a runed translucent door.
  6975 | D:8      | Reached ***** piety under Trog
  7085 | D:8      | Found a runed translucent door.
  7121 | D:8      | Identified the ring of Omoifunant {+Inv rN+ MR+ EV+3} (You
                  | found it on level 7 of the Dungeon)
  7373 | D:8      | Noticed Mrkan's ghost (novice CeHu)
  7677 | D:9      | Reached skill level 9 in Fighting
  7844 | D:8      | Killed Mrkan's ghost
  7844 | D:8      | Reached XP level 10. HP: 69/91 MP: 9/9
  7953 | D:10     | Entered Level 10 of the Dungeon
  8027 | D:9      | Found a staircase to the Lair.
  8310 | Lair:1   | Entered Level 1 of the Lair of Beasts
  8340 | Lair:1   | Reached skill level 10 in Fighting
  8340 | Lair:1   | Reached skill level 5 in Dodging
  8341 | Lair:1   | Noticed a spiny frog
  8351 | Lair:1   | Killed a spiny frog
  8452 | Lair:2   | Noticed Prince Ribbit
  8552 | Lair:2   | Killed Prince Ribbit
  8822 | Lair:2   | Noticed a seven-headed hydra
  8827 | Lair:1   | Reached skill level 11 in Fighting
  8827 | Lair:1   | Reached skill level 10 in Armour
  8844 | Lair:1   | Noticed a black mamba
  8851 | Lair:1   | Killed a black mamba
  9200 | Lair:2   | Noticed a spiny frog
  9212 | Lair:2   | Killed a spiny frog
  9444 | Lair:2   | Killed a seven-headed hydra
  9444 | Lair:2   | Reached XP level 11. HP: 104/104 MP: 10/10
  9738 | Lair:2   | Noticed Gastronok
  9745 | Lair:2   | Reached skill level 12 in Fighting
  9753 | Lair:2   | Killed Gastronok
  9900 | Lair:3   | You fall through a shaft!
 10014 | Lair:4   | Reached skill level 13 in Fighting
 10029 | Lair:4   | Reached skill level 10 in Maces & Flails
 10344 | Lair:3   | Found a staircase to the Swamp.
 10547 | Lair:3   | Noticed Rupert
 10567 | Lair:3   | HP: 3/107 [Rupert/+1 battleaxe of chopping (5)]
 10569 | Lair:3   | Demolished by Rupert

Skill      XL: |  1  2  3  4  5  6  7  8  9 10 11 |
---------------+----------------------------------+-----
Fighting       | 4 5 6 7 9 11 13 | 13.3
Armour         | 3 4 5 7 9 10 11 | 11.4
Short Blades   | 1 2 3 4 |  4.0
Polearms       | 1 2 3 |  3.9
Dodging        | 3 4 6 8 |  8.0
Maces & Flails | 1 4 7 9 10 | 10.2
Shields        | 1 4 |  4.1
Long Blades    | |  3.7

Action                   |  1- 3 |  4- 6 |  7- 9 | 10-12 || total
-------------------------+-------+-------+-------+-------++-------
Melee: Falchion          |    18 |       |       |       ||    18
       Headbutt          |    16 |    15 |    54 |    61 ||   146
       Short sword       |    25 |       |       |       ||    25
       Spear             |    59 |    49 |       |       ||   108
       Morningstar       |       |    53 |   191 |       ||   244
       Dire flail        |       |       |   108 |   232 ||   340
Invok: Berserk           |     1 |     1 |     1 |     5 ||     8
       Trog's Hand       |       |     3 |     1 |     4 ||     8
       Brothers in Arms  |       |       |     1 |     2 ||     3
  Use: Scroll            |     2 |     8 |     7 |     2 ||    19
       Potion            |       |       |       |     4 ||     4
  Eat: Chunk             |     1 |     3 |     9 |    12 ||    25
       Ration            |     1 |     1 |     2 |     1 ||     5
Armor: Ring mail         |    20 |       |       |       ||    20
       Animal skin       |     3 |       |       |       ||     3
       Ice dragon scales |    23 |    46 |   160 |    77 ||   306
Dodge: Dodged            |    61 |    69 |   202 |   188 ||   520
Block: Buckler           |       |       |    35 |       ||    35
       Rpst.: Falchion   |     5 |       |       |       ||     5
